Cogmind - Beta 12 @@@ ROGUE MODE // 2023.10.10 @ 16:12:59 Player: Trantor Result: Destroyed by as-14734 with Assembled F-torch Performance ------------- Evolutions (0) 0 Regions Visited (4) 800 Robots Destroyed (37) 185 Value Destroyed (903) 903 Prototype IDs (25) 500 Alien Tech Used (0) 0 Bonus (364) 364 TOTAL SCORE: 2752 Bonus ------- Follower Combat Kills 64 Aligned with FarCom 300 Cogmind --------- Core Integrity 0/250 Matter 288/300 Energy 265/100 System Corruption 1% Temperature Danger (405) Movement Rolling (155) Ox5 Location -9/Mines Parts ------- > --- POWER (1) -------- Improved Ion Engine > --- PROPULSION (2) --- Carbon-fiber Leg Wheel > --- UTILITY (2) ------ High-capacity Storage Unit Light Armor Plating > --- WEAPON (2) ------- Particle Gun Light Cannon > --- INVENTORY (20) --- Improved Ion Engine Light Treads Aluminum Leg Aluminum Leg Aluminum Leg Wheel Large Storage Unit High-capacity Matter Pod (200) Improved Targeting Computer Light Armor Plating Light Armor Plating Light Armor Plating Tractor Beam Particle Gun Particle Gun AWS/Thermal Mining Laser Peak State ------------ > --- POWER ------------ Improved Ion Engine > --- PROPULSION ------- Carbon-fiber Leg Wheel > --- UTILITY ---------- High-capacity Storage Unit Light Armor Plating > --- WEAPON ----------- Particle Gun Light Cannon > --- INVENTORY -------- Improved Ion Engine Light Treads Aluminum Leg Aluminum Leg Aluminum Leg Wheel Large Storage Unit High-capacity Matter Pod Improved Targeting Computer Light Armor Plating Light Armor Plating Light Armor Plating Tractor Beam Particle Gun Particle Gun AWS/Thermal Mining Laser [Rating: 14] Favorites ----------- Power Improved Ion Engine Engine Improved Ion Engine Propulsion Wheel Treads Light Treads Leg Aluminum Leg Wheel Wheel Utility Large Storage Unit Device Improved Heat Sink Storage Large Storage Unit Protection Light Armor Plating Weapon Assault Rifle Energy Gun Particle Gun Ballistic Gun Assault Rifle Ballistic Cannon Light Cannon Build | -11 -10 -10 -10 -9 ------- Run | Jun Mat Min Exi Min Slots Evolved . | . . . . . Power . | . . . . . Propulsion . | . . . . . Utility . | . . . . . Weapon . | . . . . . Parts Attached 28 | . 13 11 2 2 Power 4 | . 2 1 1 . Engine 4 | . 2 1 1 . Core . | . . . . . Reactor . | . . . . . Propulsion 9 | . 4 4 . 1 Treads 3 | . 2 1 . . Leg 2 | . . 1 . 1 Wheel 4 | . 2 2 . . Hover . | . . . . . Flight . | . . . . . Utility 7 | . 4 1 1 1 Device 2 | . 1 1 . . Storage 3 | . 2 . . 1 Processor . | . . . . . Hackware . | . . . . . Protection 2 | . 1 . 1 . Artifact . | . . . . . Weapon 8 | . 3 5 . . Energy Gun 3 | . 1 2 . . Energy Cannon . | . . . . . Ballistic Gun 2 | . 2 . . . Ballistic Cannon 3 | . . 3 . . Launcher . | . . . . . Special Weapon . | . . . . . Impact Weapon . | . . . . . Slashing Weapon . | . . . . . Piercing Weapon . | . . . . . Special Melee Weapon . | . . . . . Unidentified Prototypes . | . . . . . Parts Lost 4 | . 1 3 . . Power 1 | . . 1 . . Propulsion 2 | . 1 1 . . Utility . | . . . . . Weapon 1 | . . 1 . . Highest Loss Streak 2 | . 1 2 . . To Critical Strikes . | . . . . . Average Slot Usage (%) 97 | . 95 99 100 100 Engine 14 | . 14 14 14 14 Treads 8 | . 13 7 . . Leg 5 | . . 6 14 14 Wheel 13 | . 13 14 14 14 Device 5 | . . 14 3 . Storage 14 | . 14 14 14 14 Protection 6 | . 8 . 10 14 Energy Gun 11 | . 14 6 14 14 Ballistic Gun 7 | . 13 4 . . Ballistic Cannon 9 | . . 16 14 14 Naked Turns . | . . . . . Heaviest Build 56 | 13 34 34 36 56 Greatest Support 20 | 20 20 20 10 10 Greatest Overweight (x) 5 | . 3 3 3 5 Average Overweight (x) 2 | . 2 2 3 4 Largest Inventory Capacity 20 | 8 15 15 15 20 Average Capacity 13 | 8 10 15 15 18 Most Carried 18 | 6 15 15 15 18 Average Carried 13 | 6 10 14 14 16 Final Capacity 20 | 8 15 15 15 20 Final Carried 18 | 6 15 15 15 18 Class Distribution -------------------- 100% | Mutant Dominant Class ---------------- Mutant | -10/Materials Mutant | -10/Mines Mutant | -10/Exiles Mutant | -9/Mines Resources | -11 -10 -10 -10 -9 ----------- Run | Jun Mat Min Exi Min Matter Collected 1158 | 200 391 448 50 69 Remotely . | . . . . . Salvage Created 983 | . 519 446 . 18 Parts 65 | . 38 27 . . Haulers Intercepted 2 | . 2 . . . Recyclers Shooed . | . . . . . Parts Field Recycled . | . . . . . Retrieved Matter . | . . . . . Parts Self-Destructed . | . . . . . Prevented . | . . . . . Kills | -11 -10 -10 -10 -9 ------- Run | Jun Mat Min Exi Min Combat Hostiles Destroyed 31 | . 16 14 . 1 Guns 22 | . 16 6 . . Cannons 9 | . . 8 . 1 Classes Destroyed 8 | . 4 3 . 1 Worker 1 | . . 1 . . Tunneler 1 | . . 1 . . Hauler 2 | . 2 . . . Operator 2 | . 2 . . . Swarmer 12 | . 9 3 . . Grunt 16 | . 7 9 . . Sentry 2 | . . 2 . . Demolisher 1 | . . . . 1 Best Kill Streak 3 | . 3 3 . 1 Combat Bots Only 3 | . 3 3 . 1 Max Kills in Single Turn 2 | . 1 2 . 1 Gunslinging . | . . . . . Exploded . | . . . . . Melee . | . . . . . Uniques/NPCs Destroyed . | . . . . . Combat | -11 -10 -10 -10 -9 -------- Run | Jun Mat Min Exi Min Damage Taken 1507 | . 515 846 . 146 Core 255 | . 106 117 . 32 Absorbed by Shields . | . . . . . Core Remaining (%) 100 | 100 . . . . Volleys Fired 135 | . 84 42 . 9 Largest 2 | . 2 2 . 2 Hottest 100 | . 90 100 . 100 Shots Fired 266 | . 168 80 . 18 Gun 212 | . 168 35 . 9 Cannon 54 | . . 45 . 9 Launcher . | . . . . . Special . | . . . . . Kinetic 168 | . 90 69 . 9 Thermal 98 | . 78 11 . 9 Explosive . | . . . . . Electromagnetic . | . . . . . Robot Hit Streak 16 | . 16 13 . 4 Robot Miss Streak 6 | . 6 4 . 4 Penetration Max . | . . . . . Secondary Targets . | . . . . . Shots Hit Robots 171 | . 107 53 . 11 Core Hits 55 | . 30 23 . 2 Critical Kills . | . . . . . Critical Parts Destroyed . | . . . . . Critical Strikes 6 | . 5 1 . . Burn 5 | . 5 . . . Blast 1 | . . 1 . . Melee Attacks . | . . . . . Impact . | . . . . . Slashing . | . . . . . Piercing . | . . . . . Sneak Attacks . | . . . . . Combat Hostiles . | . . . . . Follow-up Attacks . | . . . . . Damage Inflicted 2492 | . 1398 917 . 177 Guns 1803 | . 1398 335 . 70 Cannons 689 | . . 582 . 107 Explosions . | . . . . . Melee . | . . . . . Ramming . | . . . . . Kinetic 1639 | . 713 819 . 107 Thermal 853 | . 685 98 . 70 Explosive . | . . . . . Electromagnetic . | . . . . . Impact . | . . . . . Slashing . | . . . . . Piercing . | . . . . . Highest Corruption 1 | . 1 1 1 1 Average Corruption 1 | . 1 1 1 1 Corruption Purged . | . . . . . Corruption Blocked . | . . . . . Effects 31 | . 7 18 5 1 Message Errors 12 | . . 8 3 1 Matter Fused 11 | . 3 7 1 . Heat Flow Errors 3 | . 2 . 1 . Energy Discharges 2 | . . 2 . . Parts Rejected 1 | . 1 . . . Data Loss (minor) 2 | . 1 1 . . Overload Shots . | . . . . . Overflow Damage . | . . . . . Projectiles . | . . . . . Explosions . | . . . . . Melee . | . . . . . Knockbacks 7 | . . 4 . 3 Impact . | . . . . . Kinetic 6 | . . 4 . 2 Secondary 1 | . . . . 1 Self-Inflicted Damage . | . . . . . Shots . | . . . . . Rammed . | . . . . . Targets Rammed . | . . . . . Kicked . | . . . . . Crushed . | . . . . . Highest Temperature 429 | . 222 60 221 429 Average Temperature 71 | . 59 37 122 178 Received Heat Transfer 670 | . 156 354 . 160 Effects 6 | . . . . 6 Interference 2 | . . . . 2 Short Circuit 1 | . . . . 1 Damage (major) 3 | . . . . 3 Siege Activations . | . . . . . Robots Corrupted . | . . . . . Combat Hostiles . | . . . . . Parts Fried . | . . . . . Impact Corruptions . | . . . . . Robots Melted . | . . . . . Combat Hostiles . | . . . . . Parts Melted 1 | . 1 . . . Heat Transferred 2764 | . 2357 222 . 185 Parts Sabotaged . | . . . . . Parts Stolen . | . . . . . Parts Stripped . | . . . . . Power Chain Reactions . | . . . . . Missiles Intercepted . | . . . . . Alert | -11 -10 -10 -10 -9 ------- Run | Jun Mat Min Exi Min Peak Influence 276 | . 276 191 . 31 Initial 30 | . . 30 . . Average 77 | . 87 78 . 16 Maximum Alert Level 1 | . 1 . . . Low Security (%) 93 | 100 87 100 . 100 Level 1 6 | . 12 . . . Level 2 . | . . . . . Level 3 . | . . . . . Level 4 . | . . . . . Level 5 . | . . . . . High Security . | . . . . . Max Security . | . . . . . Squads Dispatched 4 | . 3 1 . . Investigation 1 | . 1 . . . Extermination . | . . . . . Reinforcement 2 | . 2 . . . Assault 1 | . . 1 . . Garrison . | . . . . . Intercept . | . . . . . Searches Triggered . | . . . . . Construction Impeded . | . . . . . Haulers Reinforced . | . . . . . Active Scanning Responses . | . . . . . Cargo Convoy Interrupts . | . . . . . Stealth | -11 -10 -10 -10 -9 --------- Run | Jun Mat Min Exi Min Distress Signals 3 | . 3 . . . Communications Jammed . | . . . . . Distress Signals . | . . . . . Times Spotted 63 | . 42 17 . 4 Peak Tracking Total 5 | . 5 4 . 3 Tactical Retreats 4 | . 3 1 . . Traps | -11 -10 -10 -10 -9 ------- Run | Jun Mat Min Exi Min Traps Triggered 2 | . 2 . . . Indirectly . | . . . . . Trap Hack Attempts . | . . . . . Triggered . | . . . . . Disarmed . | . . . . . Reprogrammed . | . . . . . Reused . | . . . . . Traps Extracted . | . . . . . Installed . | . . . . . Triggered . | . . . . . Machines | -11 -10 -10 -10 -9 ---------- Run | Jun Mat Min Exi Min Machines Disabled . | . . . . . Max in Single Turn . | . . . . . Machines Repaired . | . . . . . Machines Sabotaged . | . . . . . Overloaded Fab Kills . | . . . . . Hacking | -11 -10 -10 -10 -9 --------- Run | Jun Mat Min Exi Min Machines Accessed 11 | . 8 1 2 . Terminals 7 | . 7 . . . Fabricators . | . . . . . Repair Stations . | . . . . . Recycling Units 1 | . 1 . . . Scanalyzers . | . . . . . Garrison Access . | . . . . . Total Hacks 23 | . 20 1 2 . Successful 13 | . 10 1 2 . Failed 10 | . 10 . . . Catastrophic 1 | . 1 . . . Database Lockouts . | . . . . . Manual 16 | . 15 . 1 . Terminals 19 | . 19 . . . Fabricators . | . . . . . Repair Stations . | . . . . . Recycling Units 1 | . 1 . . . Scanalyzers . | . . . . . Garrison Access . | . . . . . Terminal Hacks 8 | . 5 1 2 . Record 1 | . . . 1 . Part Schematic 1 | . 1 . . . Robot Analysis 1 | . 1 . . . Prototype ID Bank 1 | . 1 . . . Open Door 1 | . . 1 . . Branch Access Points 1 | . 1 . . . Unreport Threat 1 | . 1 . . . EX-Prototype ID Bank 1 | . . . 1 . Fabricator Hacks . | . . . . . Repair Station Hacks . | . . . . . Recycling Unit Hacks 1 | . 1 . . . Report Inventory 1 | . 1 . . . Scanalyzer . | . . . . . Garrison Access Hacks . | . . . . . Unauthorized Hacks 4 | . 4 . . . Terminals 4 | . 4 . . . Botnet 4 | . 4 . . . Fabricators . | . . . . . Repair Stations . | . . . . . Recycling Units . | . . . . . Scanalyzers . | . . . . . Garrison Access . | . . . . . Data Cores Recovered . | . . . . . Used . | . . . . . Hacking Detections 7 | . 7 . . . Full Trace Events 1 | . 1 . . . Feedback Events . | . . . . . Feedback Blocked . | . . . . . Robot Schematics Acquired . | . . . . . Robots Built . | . . . . . Authchips . | . . . . . Time . | . . . . . Total Robot Build Rating . | . . . . . Part Schematics Acquired 1 | . 1 . . . Parts Built . | . . . . . Authchips . | . . . . . Time . | . . . . . Total Part Build Rating . | . . . . . Parts Repaired . | . . . . . Time . | . . . . . Parts Recycled . | . . . . . Recycled Matter . | . . . . . Retrieved Matter . | . . . . . Retrieved Components . | . . . . . Parts Scanalyzed . | . . . . . Part Schematics Acquired . | . . . . . Parts Damaged . | . . . . . Bothacking | -11 -10 -10 -10 -9 ------------ Run | Jun Mat Min Exi Min Used RIF Installer . | . . . . . Robots Hacked . | . . . . . Non-combat . | . . . . . Combat . | . . . . . Robot Hacks Applied . | . . . . . Relay Couplers Released . | . . . . . Fabnet Peak Effective % . | . . . . . Robots Rewired . | . . . . . Allies Hacked . | . . . . . Hacks Repelled . | . . . . . Allies | -11 -10 -10 -10 -9 -------- Run | Jun Mat Min Exi Min Total Allies 2 | . . 1 . 1 Largest Group 1 | . . 1 . 1 Highest-Rated Group 31 | . . 31 . 31 Highest-Rated Ally 31 | . . 31 . 31 Total Orders . | . . . . . Ally Attacks 8 | . . 5 . 3 Total Damage 147 | . . 82 . 65 Kills 2 | . . 1 . 1 Allies Corrupted . | . . . . . Allies Melted . | . . . . . Intel | -11 -10 -10 -10 -9 ------- Run | Jun Mat Min Exi Min Robot Analysis Total 1 | . 1 . . . Derelict Logs Recovered 2 | . . 2 . . Drone Launches . | . . . . . Drone Recoveries . | . . . . . Exploration | -11 -10 -10 -10 -9 ------------- Run | Jun Mat Min Exi Min Turns Passed 3993 | 5 1645 1439 626 278 Spaces Moved 2570 | 5 1070 836 496 163 Core . | . . . . . Treads 229 | . 62 167 . . Legs 28 | 5 23 . . . Wheels 2313 | . 985 669 496 163 Hover . | . . . . . Flight . | . . . . . Fastest Speed 95 | 120 95 125 125 125 Average Speed 129 | 120 115 147 125 146 Slowest Speed 240 | 120 160 240 125 155 Overloaded Moves . | . . . . . Propulsion Burnouts . | . . . . . Robots Hopped . | . . . . . Cave-ins Triggered . | . . . . . Exploration Rate (%) 61 | 2 99 99 88 20 Regions Visited 4 Branch Regions 3 Pre-discovered Areas 1 | . . . 1 . Known Exits Taken 1 | . 1 . . . Unknown Exits Taken 3 | 1 . 1 1 . Scrap Searched 2 | . . 1 . 1 Spaces Dug . | . . . . . Terrain Destroyed 1 | . . 1 . . Melee . | . . . . . Projectile 1 | . . 1 . . AOE . | . . . . . Terrain Rammed . | . . . . . Walls Destroyed . | . . . . . Machines Disabled . | . . . . . Actions | -11 -10 -10 -10 -9 --------- Run | Jun Mat Min Exi Min Total 2966 | 4 1316 958 504 184 Wait 186 | . 121 60 . 5 Move 2566 | 4 1069 835 495 163 Hop . | . . . . . Pick Up 24 | . 16 2 3 3 Fast Attach 8 | . 3 5 . . Attach 6 | . 3 3 . . Detach 2 | . 1 1 . . Swap 14 | . 7 3 2 2 Drop 25 | . 12 7 4 2 Fire 135 | . 84 42 . 9 Melee . | . . . . . Ram . | . . . . . Kick . | . . . . . Crush . | . . . . . Escape Stasis . | . . . . . Rewire . | . . . . . Trap . | . . . . . Miscellaneous . | . . . . . Route ------- -11/Junkyard -10/Materials (discovered 5 exits: [*Mat x3] / *Min x2) -10/Mines (discovered 3 exits: [*Mat x2] / *Exi) -10/Exiles (discovered 2 exits: [*Min x2]) -9/Mines History --------- Turn | Location | Event 1 | -11/Junkyard | Discovered new exit (range 3) 6 | -11/Junkyard | Entered Materials 268 | -10/Materials | Discovered new exit (range 12) 317 | -10/Materials | Build established: Mutant 336 | -10/Materials | Identified exit to Mines 537 | -10/Materials | Discovered new exit (range 16) 906 | -10/Materials | Discovered new exit (range 7) 1271 | -10/Materials | Discovered new exit (range 7) 1651 | -10/Materials | Entered Mines 1759 | -10/Mines | A weapon hastily lodged in a ceiling crevice suddenly fell to the ground 1790 | -10/Mines | Learned location of 1 exit from Materials 1839 | -10/Mines | Found the Drone Emporium 1951 | -10/Mines | Core integrity fell below 50% 2105 | -10/Mines | Discovered new exit (range 15) 2281 | -10/Mines | Learned Materials stockpile data 2285 | -10/Mines | Met a Derelict testing a Signal Generator 2288 | -10/Mines | Discovered new exit (range 4) 2439 | -10/Mines | Core integrity fell below 20% 2474 | -10/Mines | Deemed a non-threat by the Exiles lab entrance 2784 | -10/Mines | Discovered new exit (range 9) 3090 | -10/Mines | Entered Exiles 3110 | -10/Exiles | Discovered new exit (range 15) 3144 | -10/Exiles | Met 8R-AWN 3164 | -10/Exiles | Met EX-HEX 3199 | -10/Exiles | Met EX-BIN 3214 | -10/Exiles | Aligned with FarCom system 3215 | -10/Exiles | Given EX-Vault access code 3244 | -10/Exiles | Opened EX-Vault 3258 | -10/Exiles | Found AWS/Thermal 3287 | -10/Exiles | Warned to stay clear of 0b10 Research branches 3322 | -10/Exiles | Met EX-DEC 3329 | -10/Exiles | Learned location of Zion (-6) 3379 | -10/Exiles | Visited The Gauntlet 3702 | -10/Exiles | Discovered new exit (range 11) 3716 | -10/Exiles | Left Exiles lab with AWS/Thermal 3716 | -10/Exiles | Entered Mines 3719 | -9/Mines | Received a Mining Laser from a helpful Derelict 3786 | -9/Mines | Assembled infested the area 3994 | -9/Mines | Destroyed by as-14734 with Assembled F-torch Last Messages --------------- 03852_ D-53 Grenadier destroyed. 03860_ The unstable cave ceiling collapses. 03861_ Acquired 21 matter. 03869_ Acquired 10 matter. 03874_ The unstable cave ceiling collapses. 03967_ Acquired 4 matter. 03969_ Destroyed Asb. Hover Unit. 03970_ Acquired 4 matter. 03975_ as-95632 knocked back. 03976_ Acquired 4 matter. 03984_ as-96429 knocked back. 03989_ Overheating: System interference. 03989_ Lgt. Cannon temporarily disabled. 03989_ Particle Gun temporarily disabled. 03990_ Overheating: Particle Gun damaged (-10). 03990_ Overheating: Wheel damaged (-1). 03990_ Overheating: Carbon-fiber Leg damaged (-47). 03990_ F